 Dungeon Crawl Stone Soup version 0.28.0-43-g3370ac3207 (webtiles) character file.

Game seed: 1034082773694994862

70 sizableburger the Chopper (level 4, -4/35 HPs)
             Began as a Mummy Abyssal Knight on Mar 11, 2022.
             Was a Follower of Lugonu.
             Slain by a black bear (5 damage)
             ... on level 3 of the Dungeon.
             The game lasted 00:04:15 (1800 turns).

sizableburger the Chopper (Mummy Abyssal Knight)    Turns: 1800, Time: 00:04:16

Health: -4/35      AC: 10    Str: 18    XL:     4   Next: 3%
Magic:  5/5        EV:  7    Int:  9    God:    Lugonu [*.....]
Gold:   95         SH:  0    Dex: 12    Spells: 3/3 levels left

rFire   x . .      SeeInvis .   a - +1 hand axe
rCold   + . .      Faith    .   (no shield)
rNeg    + + +      Spirit   .   h - +0 chain mail
rPois   ∞          Reflect  .   (no helmet)
rElec   .          Harm     .   (no cloak)
rCorr   .          Rampage  .   g - +1 pair of gloves
Will    .....                   (no boots)
Stlth   ..........              (no amulet)
HPRegen 0.11/turn               (no ring)
MPRegen 0.09/turn               (no ring)

@: no status effects
A: cold resistance 1, negative energy resistance 3, torment resistance 2, heat
vulnerability 1, no potions
a: Renounce Religion, Depart the Abyss


You were on level 3 of the Dungeon.
You worshipped Lugonu.
Lugonu was aware of your devotion.
You visited 1 branch of the dungeon, and saw 4 of its levels.
You visited the Abyss 1 time.

You collected 95 gold pieces.

Inventory:

Hand Weapons
 a - a +1 hand axe (weapon)
Armour
 g - a +1 pair of gloves (worn)
 h - a +0 chain mail (worn)
Wands
 i - a wand of flame (21)
Scrolls
 b - a scroll of identify
 c - a scroll of noise
 d - a scroll of brand weapon {unknown}


   Skills:
 - Level 3.0 Fighting
 + Level 3.6 Axes
 - Level 1.5 Armour
 - Level 0.7 Dodging
 - Level 1.5 Invocations


You had 3 spell levels left.
You didn't know any spells.
Your spell library contained the following spells:

 Spells                   Type           Power      Damage    Failure   Level
 Shock                    Conj/Air       0%         1d3       99%         1
 Confusing Touch          Hex            0%         N/A       100%        3
 Swiftness                Air            0%         N/A       100%        3
 Airstrike                Air            0%         N/A       100%        4
 Leda's Liquefaction      Hex/Erth       0%         N/A       100%        4
 Lee's Rapid Deconstruct  Erth           0%         3d5*      100%        5
 Yara's Violent Unravell  Hex/Tmut       0%         3d3       100%        5
 Enfeeble                 Hex            0%         N/A       100%        7
 Statue Form              Tmut/Erth      Unusable   N/A       N/A         6

Dungeon Overview and Level Annotations

Branches:
Dungeon (4/15)
 Temple: D:4-7

Altars:
Nemelex Xobeh

Shops:
D:4 *


Innate Abilities, Weirdness & Mutations

You are immune to poison.
Your flesh is cold resistant. (rC+)
You are immune to negative energy. (rN+++)
You are immune to unholy pain and torment.
You are vulnerable to heat. (rF-)
You do not drink.


Message History

The black bear barely misses you.
The black bear claws you but does no damage.
You climb upwards.
The orc shouts! x2
The orc hits you but does no damage.
Found 8 gold pieces.
There is a stone staircase leading down here.
Found a scroll labelled TISINU HAJUVA.
The orc hits you but does no damage.
The black bear bites you but does no damage.
The black bear barely misses you.
The black bear claws you but does no damage.
Okay, then.
As you read the scroll labelled BERASU DOIRU, it crumbles to dust.
It is a scroll of identify.
c - a scroll of noise The orc hits you but does no damage.
As you read the scroll labelled TEGAME JAURIE, it crumbles to dust.
You speak a Word of immense power!
You are blasted by holy energy!
It was a scroll of holy word.
The orc barely misses you.
As you read the scroll labelled UZUSAC DEAZERR, it crumbles to dust.
It is a scroll of enchant armour.
Your +0 pair of gloves glows green for a moment.
The black bear closely misses you. The black bear claws you.
The black bear claws you but does no damage.
As you read the scroll labelled INUCUA MUEGEWK, it crumbles to dust.
The creatures around you are filled with an inner flame!
It was a scroll of immolation.
The orc hits you but does no damage. The black bear bites you.
* * * LOW HITPOINT WARNING * * *
The black bear barely misses you.
The black bear claws you but does no damage.
The orc closely misses you.
You see here a scroll labelled TISINU HAJUVA.
d - a scroll labelled TISINU HAJUVA The orc hits you from afar with a +0 trident.
* * * LOW HITPOINT WARNING * * *
The orc hits you with a +0 club.
* * * LOW HITPOINT WARNING * * *
The black bear bites you.
You die...

........# #.>#
.#
#######.###....
.......w.......
#######.#####.#
............#.#.
.......oo.......
.......oh.......
#####...@...#.#.
######### #


You could see a black bear (inner flame), a dart slug (inner flame) and 3 orcs.

Vanquished Creatures
  A centaur skeleton (D:4)
  An ufetubus (D:4)
  A worm (D:2)
  A dart slug (D:1)
  An endoplasm (D:2)
  2 giant cockroaches (D:1)
  4 goblins
  3 hobgoblins (D:1)
  A quokka (D:1)
  6 ball pythons
  6 bats
  4 kobolds
  A rat (D:2)
  A spectral hobgoblin (D:2)
33 creatures vanquished.

Notes
Turn   | Place    | Note
-------+----------+-------------------------------------------
     0 | Abyss:1  | sizableburger the Mummy Abyssal Knight began the quest for
                  | the Orb.
     0 | Abyss:1  | Reached XP level 1. HP: 18/18 MP: 2/2
     0 | D:1      | Escaped the Abyss
   197 | D:1      | Reached * piety under Lugonu
   351 | D:1      | Reached XP level 2. HP: 21/24 MP: 3/3
  1062 | D:2      | Found a faded altar of an unknown god.
  1094 | D:2      | Reached XP level 3. HP: 19/29 MP: 4/4
  1309 | D:2      | Identified the +1 dagger of Lyuten {vorpal, rC+ rN+ Will-
                  | Int+7}
  1723 | D:4      | Reached XP level 4. HP: 31/35 MP: 5/5
  1774 | D:4      | Found Gogub's Assorted Antiques.
  1776 | D:4      | Noticed a black bear
  1776 | D:4      | Noticed an ice beast
  1782 | D:4      | Found a sparkling altar of Nemelex Xobeh.
  1800 | D:3      | HP: 1/35 [orc/+0 club (3)]
  1800 | D:3      | Slain by a black bear

Illustrated notes

Levels and vault maps discovered:
D:1:      wander_arrival_abandoned_jail, layout_loops_cross
D:2:      layout_loops_corners, dreamdust_ecumenical_altar_drowned_temple
D:3:      layout_basic, mainiacjoe_overflow_paths, serial_shops, shop_fountains
D:4:      layout_basic, nemelex_xobeh_ov_fountains_minmay, serial_shops,
          nicolae_shop_waterfront, kennysheep_pointless_box, kennysheep_donut,
          uniq_crazy_yiuf_cottage

Skill      XL: |  1  2  3 |
---------------+----------+-----
Axes           | 2 3 |  3.6
Fighting       | |  3.0
Armour         | |  1.5
Dodging        | |  0.7
Invocations    | |  1.5

Action                   |  1- 3 |  4- 6 || total
-------------------------+-------+-------++-------
Melee: Hand axe          |   104 |       ||   104
Invok: Depart the Abyss  |     1 |       ||     1
  Use: Scroll            |       |     4 ||     4
Armor: Leather armour    |    21 |       ||    21
       Chain mail        |    33 |    12 ||    45
Dodge: Dodged            |    71 |     8 ||    79
